 Dungeon Crawl Stone Soup version 0.23-a0-890-gc183402 (webtiles) character file.

Game seed: 2478842012788228616

355 tidbits the Charmwright (level 6, 0/51 HPs)
             Began as a Gnoll Skald on Jan 28, 2019.
             Killed by divine providence
             ... invoked by an orc priest
              (15 damage)
             ... on level 5 of the Dungeon.
             The game lasted 00:07:13 (670 turns).

tidbits the Charmwright (Gnoll Skald)                Turns: 670, Time: 00:07:14

Health: 0/51       AC:  4    Str: 13    XL:     6   Next: 63%
Magic:  1/14       EV: 14    Int: 17    God:
Gold:   15         SH:  0    Dex: 15    Spells: 2/15 levels left

rFire    . . .     SeeInvis .   a - +3 spear
rCold    . . .     Gourm    .   (no shield)
rNeg     . . .     Faith    +   b - +0 leather armour
rPois    .         Spirit   .   (no helmet)
rElec    .         Reflect  .   C - +0 cloak
rCorr    .         Harm     .   (no gloves)
MR       +....                  (no boots)
Stlth    ++........             p - amulet of faith
HPRegen  0.17/turn              H - ring of protection from magic
MPRegen  0.14/turn              (no ring)

@: very slightly contaminated
A: distributed training, fangs 1, strong nose
a: no special abilities


You were on level 5 of the Dungeon.
You were not hungry.

You visited 1 branch of the dungeon, and saw 6 of its levels.

You collected 15 gold pieces.

Inventory:

Hand Weapons
 a - a +3 spear (weapon)
 s - a +0 spear
 t - a +0 long sword
Missiles
 c - 41 sling bullets
 e - 32 arrows
 g - 15 stones (quivered)
Armour
 b - a +0 leather armour (worn)
 f - a +0 ring mail
 q - a +0 ring mail
 C - a +0 cloak (worn)
Jewellery
 p - an amulet of faith (around neck)
   (You found it on level 3 of the Dungeon)
 H - a ring of protection from magic (left hand)
   (You found it on level 3 of the Dungeon)
Scrolls
 h - a scroll of identify {unknown}
 i - 2 scrolls of enchant weapon {unknown}
 k - a scroll of amnesia {unknown}
 n - a scroll of enchant armour {unknown}
 o - a scroll of teleportation {unknown}
Potions
 j - a potion of heal wounds {unknown}
 l - a potion of ambrosia {unknown}
 m - a potion of curing
 r - a potion of resistance {unknown}
 u - a potion of degeneration {unknown}
Comestibles
 d - 4 rations


   Skills:
 + Level 5.0 Fighting
 + Level 2.0 Short Blades
 + Level 2.0 Long Blades
 + Level 2.0 Axes
 + Level 2.0 Maces & Flails
 + Level 5.0 Polearms
 + Level 2.0 Staves
 + Level 2.0 Slings
 + Level 2.0 Bows
 + Level 2.0 Crossbows
 + Level 2.0 Throwing
 + Level 3.3 Armour
 + Level 5.0 Dodging
 + Level 2.0 Stealth
 + Level 2.0 Shields
 + Level 2.0 Unarmed Combat
 + Level 5.4 Spellcasting
 + Level 1.6 Conjurations
 + Level 1.6 Hexes
 + Level 5.7 Charms
 + Level 1.6 Summonings
 + Level 1.6 Necromancy
 + Level 1.6 Translocations
 + Level 1.6 Transmutations
 + Level 1.6 Fire Magic
 + Level 1.6 Ice Magic
 + Level 1.6 Air Magic
 + Level 1.6 Earth Magic
 + Level 1.6 Poison Magic
 + Level 2.2 Invocations
 + Level 2.0 Evocations


You had 2 spell levels left.
You knew the following spells:

 Your Spells              Type           Power        Failure   Level  Hunger
g - Shroud of Golubria    Chrm/Tloc      ###.......   6%          2    #......
i - Infusion              Chrm           ###.         1%          1    None
k - Sticks to Snakes      Tmut           ##......     14%         2    #......
r - Regeneration          Chrm/Necr      ###.......   12%         3    ##.....
w - Spectral Weapon       Hex/Chrm       ###.....     12%         3    ##.....
y - Song of Slaying       Chrm           ###.....     2%          2    #......

Your spell library contained the following spells:

 Spells                   Type           Power        Failure   Level  Hunger
 Beastly Appendage        Tmut           ##....       9%          1    None
 Spider Form              Tmut/Pois      ##........   26%         3    ##.....
 Ice Form                 Ice/Tmut       ##......     65%         4    ####...
 Blade Hands              Tmut           ##........   94%         5    ######.


Dungeon Overview and Level Annotations

Branches:
Dungeon (6/15)
 Temple: D:4-7

Altars:


Innate Abilities, Weirdness & Mutations

Your experience applies equally to all skills.
You have very sharp teeth.
Your uncanny sense of smell can sniff out nearby items.


Message History

A shadow imp comes into view.
The shadow imp shouts!
Found an orange potion.
Found a stone staircase leading up.
There is a stone staircase leading up here.
Found a spear.
You see here an orange potion.
Unknown command.
u - an orange potion
Casting: Spectral Weapon (safe; 12% risk of failure)
Confirm with . or Enter, or press ? or * to list all spells.
You draw out your weapon's spirit!
Unknown command.
Unknown command.
You swap places.
Attack whom?
Press: ? - help, Dir - move target cursor, f - shadow imp
Aim: a shadow imp You reach to attack!
You closely miss the shadow imp.
Your spectral weapon hits the shadow imp from afar.
Attack whom?
Press: ? - help, Dir - move target cursor, f/p - shadow imp
Aim: a shadow imp (moderately wounded)
You reach to attack!
You puncture the shadow imp!
You kill the shadow imp!
Unknown command.
There is a stone staircase leading up here.
You climb upwards.
Your summoned ally is left behind.
Your spectral weapon fades away.
You hear the sound of rushing water.
There is an entrance to a sewer on this level.
Hurry and find it before the portal rusts away!
The orc shouts! 2 orcs, an orc priest and a zombie come into view.
The orc priest shouts!
The orc shouts!
The orc hits you with a +3 flail of crushing.
The orc priest hits you with a +0 dagger.
The orc hits you but does no damage.
Found a stone staircase leading up.
There is a stone staircase leading down here.
Casting: Spectral Weapon (safe; 12% risk of failure)
Confirm with . or Enter, or press ? or * to list all spells.
You create a snake!
You now have 32 arrows.
The orc hits you with a +0 dagger. The orc priest barely misses you.
The orc hits you but does no damage.
Unknown command.
Casting: Sticks to Snakes (safe; 14% risk of failure)
Confirm with . or Enter, or press ? or * to list all spells.
You miscast Spectral Weapon.
You are very lightly contaminated with residual magic.
You feel a strange surge of energy! The orc hits you with a +0 mace.
The orc hits you with a +0 dagger. The orc priest barely misses you.
Your ball python barely misses the orc.
Your ball python completely misses the orc.
The orc barely misses you.
It was a potion of curing.
You feel better.
The orc priest hits you with a +0 dagger.
The orc hits you with a +0 dagger.
Your ball python bites the orc.
Your ball python completely misses the orc.
The orc barely misses you.
Casting: Spectral Weapon (safe; 12% risk of failure)
Confirm with . or Enter, or press ? or * to list all spells.
You draw out your weapon's spirit!
The orc completely misses you.
Your ball python bites the orc.
Your ball python barely misses the orc.
The quokka zombie closely misses you. The orc misses you.
The orc priest closely misses you. The orc hits you with a +0 mace.
Unknown command.
You hit the orc.
You kill the orc!
The quokka zombie completely misses you.
The orc priest misses you. The orc misses you.
You closely miss the orc.
Your spectral weapon hits the orc but does no damage.
Your ball python barely misses the orc.
Your ball python closely misses the orc.
The orc closely misses you. The quokka zombie barely misses you.
The orc priest closely misses you. The orc hits you but does no damage.
You puncture the orc!
The orc is almost dead.
Your spectral weapon hits the orc.
You kill the orc!
Your ball python misses the orc.
Your ball python grabs the orc.
Your ball python constricts the orc.
The orc closely misses you. The quokka zombie bites you.
The orc priest hits you but does no damage.
You hit the orc but do no damage. Your bite misses the orc.
Your spectral weapon hits the orc.
Your ball python bites the orc.
The orc dies!
The quokka zombie barely misses you.
You hit the orc priest.
The orc priest is moderately wounded.
Your spectral weapon barely misses the orc priest.
The orc priest mumbles some strange prayers to Beogh against you.
Beogh smites you!
* * * LOW HITPOINT WARNING * * *
You barely miss the orc priest.
The orc priest is moderately wounded.
Your spectral weapon barely misses the orc priest.
The quokka zombie barely misses you.
The orc priest calls down the wrath of Beogh upon you.
Beogh smites you!
You die...

......## .....##
##.# .....###
#...#
..............##
..#####.........∆
### ........## #
........#
......o.##
......S@)#
<.....Z)(# #
..........# #
..........# #
........#.. #
.....#..#..#
....##..##.. ####
#... ...


You could see an orc priest, a quokka zombie, a friendly spectral +3 spear and a
friendly ball python.

Vanquished Creatures
  An ogre (D:2)
  A water moccasin zombie (D:5)
  2 crimson imps (D:5)
  An orc wizard (D:3)
  An iguana (D:4)
  A worker ant zombie (D:5)
  3 gnolls (D:4)
  2 adders
  A shadow imp (D:6)
  A dart slug (D:3)
  A leopard gecko (D:2)
  4 orcs
  2 ball pythons (D:2)
  2 bats
  3 giant cockroaches
  2 kobolds
  A leopard gecko skeleton (D:5)
  2 rats
31 creatures vanquished.

Vanquished Creatures (collateral kills)
  An orc (D:5)
1 creature vanquished.

Vanquished Creatures (others)
  A leopard gecko (D:3)
1 creature vanquished.

Grand Total: 33 creatures vanquished

Notes
Turn   | Place    | Note
-------+----------+-------------------------------------------
     0 | D:1      | tidbits the Gnoll Skald began the quest for the Orb.
     0 | D:1      | Reached XP level 1. HP: 20/20 MP: 6/6
    81 | D:2      | Noticed an ogre
    88 | D:2      | Killed an ogre
    88 | D:2      | Reached skill level 1 in Short Blades
    88 | D:2      | Reached skill level 1 in Long Blades
    88 | D:2      | Reached skill level 1 in Axes
    88 | D:2      | Reached skill level 1 in Maces & Flails
    88 | D:2      | Reached skill level 1 in Staves
    88 | D:2      | Reached skill level 1 in Slings
    88 | D:2      | Reached skill level 1 in Bows
    88 | D:2      | Reached skill level 1 in Crossbows
    88 | D:2      | Reached skill level 1 in Throwing
    88 | D:2      | Reached skill level 1 in Stealth
    88 | D:2      | Reached skill level 1 in Shields
    88 | D:2      | Reached skill level 1 in Unarmed Combat
    88 | D:2      | Reached skill level 5 in Spellcasting
    88 | D:2      | Reached skill level 1 in Invocations
    88 | D:2      | Reached skill level 1 in Evocations
    88 | D:2      | Reached XP level 2. HP: 26/26 MP: 0/8
    88 | D:2      | Reached XP level 3. HP: 31/31 MP: 0/9
    88 | D:2      | Reached XP level 4. HP: 38/38 MP: 0/11
    92 | D:2      | Learned a level 2 spell: Song of Slaying
    95 | D:2      | Learned a level 2 spell: Shroud of Golubria
    99 | D:2      | Learned a level 3 spell: Regeneration
   103 | D:2      | Learned a level 3 spell: Spectral Weapon
   128 | D:2      | Reached skill level 1 in Conjurations
   128 | D:2      | Reached skill level 1 in Hexes
   128 | D:2      | Reached skill level 1 in Summonings
   128 | D:2      | Reached skill level 1 in Necromancy
   128 | D:2      | Reached skill level 1 in Translocations
   128 | D:2      | Reached skill level 1 in Transmutations
   128 | D:2      | Reached skill level 1 in Fire Magic
   128 | D:2      | Reached skill level 1 in Ice Magic
   128 | D:2      | Reached skill level 1 in Air Magic
   128 | D:2      | Reached skill level 1 in Earth Magic
   128 | D:2      | Reached skill level 1 in Poison Magic
   333 | D:3      | Reached XP level 5. HP: 43/43 MP: 6/12
   478 | D:4      | Reached skill level 3 in Armour
   529 | D:5      | Entered Level 5 of the Dungeon
   554 | D:5      | Reached XP level 6. HP: 44/50 MP: 0/13
   565 | D:5      | Reached skill level 2 in Invocations
   614 | D:5      | Learned a level 2 spell: Sticks to Snakes
   635 | D:5      | Reached skill level 5 in Fighting
   635 | D:5      | Reached skill level 2 in Short Blades
   635 | D:5      | Reached skill level 2 in Long Blades
   635 | D:5      | Reached skill level 2 in Axes
   635 | D:5      | Reached skill level 2 in Maces & Flails
   635 | D:5      | Reached skill level 5 in Polearms
   635 | D:5      | Reached skill level 2 in Staves
   635 | D:5      | Reached skill level 2 in Slings
   635 | D:5      | Reached skill level 2 in Bows
   635 | D:5      | Reached skill level 2 in Crossbows
   635 | D:5      | Reached skill level 2 in Throwing
   635 | D:5      | Reached skill level 5 in Dodging
   635 | D:5      | Reached skill level 2 in Stealth
   635 | D:5      | Reached skill level 2 in Shields
   635 | D:5      | Reached skill level 2 in Unarmed Combat
   635 | D:5      | Reached skill level 2 in Evocations
   670 | D:5      | Killed from afar by an orc priest

Vault maps used:
D:1:      psy_arrival_conway
D:2:      chequers_garden
D:3:      fiery_altar_vehumet, gammafunk_ghost_nasty_kobolds, first_ration
D:4:      serial_shops, nicolae_shop_trees, hangedman_feature_mirror,
          minmay_increasing_density, uniq_ijyb
D:5:      portal_sewer_entry_d, uniq_eustachio
D:6:      serial_shops, shop, basic_altar, uniq_edmund

Skill      XL: |  1  2  3  4  5  6 |
---------------+-------------------+-----
Short Blades   | 1 2 |  2.0
Long Blades    | 1 2 |  2.0
Axes           | 1 2 |  2.0
Maces & Flails | 1 2 |  2.0
Staves         | 1 2 |  2.0
Slings         | 1 2 |  2.0
Bows           | 1 2 |  2.0
Crossbows      | 1 2 |  2.0
Throwing       | 1 2 |  2.0
Stealth        | 1 2 |  2.0
Shields        | 1 2 |  2.0
Unarmed Combat | 1 2 |  2.0
Spellcasting   | 5 |  5.4
Invocations    | 1 2 |  2.2
Evocations     | 1 2 |  2.0
Conjurations   | 1 |  1.6
Hexes          | 1 |  1.6
Summonings     | 1 |  1.6
Necromancy     | 1 |  1.6
Translocations | 1 |  1.6
Transmutations | 1 |  1.6
Fire Magic     | 1 |  1.6
Ice Magic      | 1 |  1.6
Air Magic      | 1 |  1.6
Earth Magic    | 1 |  1.6
Poison Magic   | 1 |  1.6
Armour         | 3 |  3.3
Fighting       | 5 |  5.0
Polearms       | 5 |  5.0
Dodging        | 5 |  5.0
Charms         | |  5.7

Action                   |  1- 3 |  4- 6 || total
-------------------------+-------+-------++-------
Melee: Spear             |    11 |    96 ||   107
       Bite              |     1 |     5 ||     6
       Punch             |       |     1 ||     1
Throw: Stone             |       |     3 ||     3
 Cast: Infusion          |     2 |       ||     2
       Spectral Weapon   |       |    13 ||    13
       Song of Slaying   |       |     2 ||     2
       Regeneration      |       |     2 ||     2
       Shroud of Golubri |       |     1 ||     1
       Sticks to Snakes  |       |     1 ||     1
  Use: Potion            |       |     1 ||     1
 Stab: Distracted        |       |     2 ||     2
  Eat: Ration            |       |     1 ||     1
Armor: Leather armour    |       |     4 ||     4
Dodge: Dodged            |     3 |    54 ||    57

Table legend:
 A = Non-vault XP
 B = Vault XP
 C = Vault XP percentage of total XP
 D = Non-vault monster count
 E = Vault monster count
 F = Vault count percentage of total count
                 A         B        C        D         E       F
            +---------+---------+-------+---------+---------+-------
      Total |     495 |      13 |   2.6 |      31 |       1 |   3.1
            +---------+---------+-------+---------+---------+-------
        D:1 |       3 |       0 |   0.0 |       2 |       0 |   0.0
        D:2 |     136 |       0 |   0.0 |       7 |       0 |   0.0
        D:3 |      53 |       0 |   0.0 |       7 |       0 |   0.0
        D:4 |      80 |      13 |  14.0 |       5 |       1 |  16.7
        D:5 |     212 |       0 |   0.0 |       9 |       0 |   0.0
        D:6 |      11 |       0 |   0.0 |       1 |       0 |   0.0
            +---------+---------+-------+---------+---------+-------

Table legend:
 A = Turns spent in this place as a percentage of turns spent in the entire game.
 B = Non-inter-level travel turns spent in this place as a percentage of non-inter-level travel turns spent in the entire game.
 C = Inter-level travel turns spent in this place as a percentage of turns spent in this place.
 D = Turns resting spent in this place as a percentage of non-inter-level travel turns spent in this place.
 E = Turns spent auto-exploring this place as a percentage of non-inter-level travel turns spent in this place.
 F = Non-inter-level travel turns spent in this place divided by the number of levels of this place that you've seen.
                   A       B       C       D       E      F
               +-------+-------+-------+-------+-------+----------------------
         Total | 100.0 | 100.0 |   2.1 |   0.0 |   0.0 | 109.3
       Dungeon | 100.0 | 100.0 |   2.1 |   0.0 |   0.0 | 109.3
               +-------+-------+-------+-------+-------+----------------------

Table legend:
 A = Kills in this place as a percentage of kills in entire the game.
 B = Kills by you in this place as a percentage of kills by you in the entire game.
 C = Kills by friends in this place as a percentage of kills by friends in the entire game.
 D = Other kills in this place as a percentage of other kills in the entire game.
 E = Experience gained in this place as a percentage of experience gained in the entire game.
 F = Experience gained in this place divided by the number of levels of this place that you have seen.
                   A       B       C       D       E      F
               +-------+-------+-------+-------+-------+----------------------
         Total | 100.0 | 100.0 | 100.0 |   N/A | 100.0 |  84.7
       Dungeon | 100.0 | 100.0 | 100.0 |   N/A | 100.0 |  84.7
               +-------+-------+-------+-------+-------+----------------------

Vault maps used:
D:1:      psy_arrival_conway
D:2:      chequers_garden
D:3:      fiery_altar_vehumet, gammafunk_ghost_nasty_kobolds, first_ration
D:4:      serial_shops, nicolae_shop_trees, hangedman_feature_mirror,
          minmay_increasing_density, uniq_ijyb
D:5:      portal_sewer_entry_d, uniq_eustachio
D:6:      serial_shops, shop, basic_altar, uniq_edmund
